AoeStats
← 落花之情

Arena

504818543Analyzed
4v4 RM · 24d ago on Sep 6, 2026· 58m 58s· 8 players
Game mode
Random Map
Map size
Large (8 player)
Population
200
Speed
Normal
Resources
Standard
Victory
Conquest
Starting age
Dark Age
Ending age
Imperial Age
RankedLock teamsTeams togetherTeam positionsShared explorationLock speedFull tech treeHidden civsTurbo modeCheats
Victory
Defeat
🇨🇳 Franks · China
1573
+14
🇵🇹 Khmer · Portugal
1567
+15
🇪🇸 Mapuche · Spain
1558
+15
🇫🇷 Maya · France
1520
+17
🇮🇹 Poles · Italy
1641
-19
🇨🇳 Persians · China
1583
-17
🇩🇪 Shu · Germany
1582
-17
🇩🇪 Franks · Germany
1336
-8
Wolf Knight
10:58 Feudal Age
9:44 Loom
15:25 Castle Age
24:28 Double-Bit Axe
26:44 Horse Collar
32:30 Bow Saw
33:58 Heavy Plow
33:46 Pikeman
35:40 Wheelbarrow
35:47 Scale Mail Armor
37:38 Fletching
37:49 Padded Archer Armor
38:07 Elite Skirmisher
38:55 Bodkin Arrow
39:15 Leather Archer Armor
41:33 Imperial Age
39:59 Ballistics
43:11 Malon
43:32 Conscription
42:38 Elite Bolas Rider
45:11 Ring Archer Armor
48:50 Halberdier
52:00 Capped Ram
53:46 Chain Mail Armor
53:41 Forging
55:03 Chemistry
53:45 Capped Ram
55:09 Siege Engineers
55:12 Butalmapu
57:10 Iron Casting
Modjo
0:26 Loom
10:59 Feudal Age
15:37 Castle Age
13:33 Double-Bit Axe
14:20 Horse Collar
17:21 Bow Saw
18:02 Wheelbarrow
18:13 Heavy Plow
22:48 Gold Mining
24:26 Hand Cart
29:39 Imperial Age
26:34 Crossbowman
27:11 Fletching
28:11 Ballistics
27:21 Pikeman
28:00 Bodkin Arrow
28:47 Padded Archer Armor
29:13 Thumb Ring
29:49 Leather Archer Armor
29:46 Arbalester
30:40 Bracer
32:03 Two-Man Saw
30:41 Halberdier
32:16 Ring Archer Armor
31:51 Scale Mail Armor
32:38 Forging
32:31 Squires
33:20 Crop Rotation
33:17 Conscription
35:09 Chemistry
34:12 Elite Skirmisher
34:57 Hul'che Javelineers
35:32 Hoardings
35:18 Chain Mail Armor
36:38 Plate Mail Armor
36:43 Iron Casting
39:34 Blast Furnace
43:12 Masonry
44:45 Architecture
44:46 Caravan
44:58 Guilds
45:19 Coinage
Santoryu
11:35 Feudal Age
14:21 Castle Age
12:15 Double-Bit Axe
12:11 Horse Collar
15:26 Bow Saw
22:29 Wheelbarrow
23:25 Gold Mining
24:36 Hand Cart
28:01 Imperial Age
27:39 Bloodlines
27:30 Husbandry
27:36 Scale Barding Armor
27:41 Forging
27:33 Loom
28:36 Heavy Plow
28:28 Gold Mining
28:31 Stone Mining
28:06 Elite Battle Elephant
30:01 Iron Casting
30:29 Chain Barding Armor
30:37 Conscription
31:55 Plate Barding Armor
34:12 Blast Furnace
33:14 Tusk Swords
34:07 Caravan
34:19 Fletching
34:34 Light Cavalry
35:24 Cavalier
35:25 Hussar
37:45 Bodkin Arrow
42:10 Double Crossbow
42:19 Siege Engineers
42:19 Elite Ballista Elephant
46:08 Ballistics
47:53 Chemistry
47:47 Bracer
48:00 Masonry
50:09 Crop Rotation
50:42 Architecture
50:06 Guard Tower
56:27 Coinage
55:56 Murder Holes
57:50 Town Watch
落花之情
10:30 Feudal Age
12:10 Double-Bit Axe
14:39 Castle Age
17:48 Bow Saw
22:07 Wheelbarrow
23:34 Hand Cart
24:03 Gold Mining
25:28 Gold Shaft Mining
28:18 Imperial Age
25:36 Loom
26:06 Stone Mining
26:03 Town Watch
26:29 Scale Barding Armor
27:32 Chain Barding Armor
27:22 Forging
29:57 Plate Barding Armor
28:51 Pikeman
29:33 Husbandry
28:53 Cavalier
30:01 Chivalry
30:03 Squires
30:49 Iron Casting
30:43 Scale Mail Armor
31:08 Conscription
30:45 Paladin
33:04 Blast Furnace
32:50 Scale Mail Armor
32:39 Halberdier
34:54 Chain Mail Armor
35:36 Coinage
36:10 Plate Mail Armor
37:25 Banking
39:45 Fletching
43:09 Bodkin Arrow
46:38 Light Cavalry
48:25 Caravan
49:51 Murder Holes
51:59 Chemistry
58:02 Ballistics
57:47 Siege Engineers
57:53 Fortified Wall
Scandalf
5:12 Loom
9:07 Feudal Age
11:25 Fletching
17:09 Double-Bit Axe
17:33 Horse Collar
23:00 Castle Age
24:10 Bow Saw
24:00 Heavy Plow
30:11 Wheelbarrow
33:42 Hand Cart
36:01 Imperial Age
34:20 Town Watch
34:59 Ballistics
35:41 Bodkin Arrow
35:46 Padded Archer Armor
36:13 Padded Archer Armor
36:32 Gold Mining
37:54 Crop Rotation
38:04 Thumb Ring
38:04 Bracer
38:30 Bloodlines
38:20 Husbandry
39:46 Chemistry
39:57 Leather Archer Armor
41:53 Heavy Cavalry Archer
42:51 Scale Barding Armor
42:57 Forging
44:10 Chain Barding Armor
43:13 Light Cavalry
44:26 Winged Hussar
46:32 Iron Casting
48:18 Blast Furnace
49:16 Caravan
49:46 Coinage
Caram
10:48 Feudal Age
14:48 Castle Age
13:29 Double-Bit Axe
16:02 Bow Saw
20:28 Wheelbarrow
24:10 Gold Mining
28:29 Imperial Age
26:18 Hand Cart
26:23 Scale Barding Armor
26:28 Forging
27:12 Husbandry
28:05 Chain Barding Armor
28:41 Gold Shaft Mining
28:52 Iron Casting
28:24 Stone Mining
28:37 Cavalier
30:13 Plate Barding Armor
30:54 Chemistry
31:28 Conscription
31:00 Paladin
33:44 Blast Furnace
34:06 Fletching
33:58 Pikeman
34:39 Squires
35:07 Loom
35:00 Halberdier
36:26 Scale Mail Armor
38:26 Chain Mail Armor
38:32 Ballistics
38:09 Bodkin Arrow
39:43 Plate Mail Armor
40:20 Arson
47:34 Hoardings
47:12 Masonry
49:07 Architecture
50:12 Coinage
49:42 Caravan
51:32 Banking
53:04 Light Cavalry
54:34 Siege Engineers
54:25 Murder Holes
AncientKing
4:58 Loom
11:18 Feudal Age
15:20 Castle Age
13:29 Double-Bit Axe
15:42 Town Watch
19:15 Bow Saw
22:35 Horse Collar
23:27 Gold Mining
26:49 Gold Shaft Mining
27:36 Wheelbarrow
27:52 Heavy Plow
28:41 Hand Cart
31:06 Imperial Age
28:12 Crossbowman
28:57 Fletching
29:17 Thumb Ring
29:26 Padded Archer Armor
30:16 Gold Shaft Mining
29:45 Bodkin Arrow
30:23 Ballistics
30:37 Leather Archer Armor
30:22 Elite Skirmisher
31:09 Arbalester
32:02 Bolt Magazine
32:22 Conscription
34:01 Chemistry
33:02 Bracer
33:35 Caravan
34:05 Coinage
33:49 Stone Mining
35:45 Ring Archer Armor
35:00 Pikeman
35:40 Squires
36:15 Scale Mail Armor
36:20 Coiled Serpent Array
36:23 Halberdier
37:28 Chain Mail Armor
37:25 Forging
38:51 Plate Mail Armor
38:38 Masonry
43:48 Architecture
44:34 Murder Holes
47:07 Siege Engineers
53:40 Two-Man Saw
哇哈哈
10:26 Feudal Age
11:34 Double-Bit Axe
14:04 Castle Age
12:17 Horse Collar
15:09 Bow Saw
22:27 Wheelbarrow
25:04 Hand Cart
27:36 Imperial Age
25:06 Loom
25:25 Town Watch
25:57 Scale Barding Armor
25:55 Gold Mining
25:56 Stone Mining
27:49 Forging
28:17 Chain Barding Armor
27:40 Cavalier
28:31 Bloodlines
28:22 Husbandry
29:40 Chemistry
29:43 Conscription
30:00 Iron Casting
30:29 Plate Barding Armor
29:52 Savar
32:02 Pikeman
34:07 Blast Furnace
33:50 Elite War Elephant
34:48 Scale Mail Armor
35:47 Hoardings
39:56 Light Cavalry
49:23 Gold Shaft Mining
49:51 Two-Man Saw
48:52 Heavy Plow
56:54 Caravan
Connection lost

Rejoining the realm…

Still unreachable

The connection could not be restored.

Session expired

The server has moved on; the page needs a fresh start.